cohdb
Replays
Latest Replays
All Replays
Popular Replays
Top Player Replays
Match Explorer
How It Works
Community
CoH3 Stats
Reddit
Sign in to upload your games and track your stats! →
Sign in with Steam
Match 42975518
Unlisted
Match 42975518
Overview
Messages
Build Orders
End
Selects Italian Combined Arms Battlegroup
Selects Bersaglieri Squad
Bersaglieri Squad
Kradschützen Motorcycle Team
Bersaglieri Squad
Bersaglieri Squad
Construct Light Support Kompanie
Fire Support Elements
Panzerjäger Mechanized Group
Flakvierling Half-track
2.5-tonne Medical Truck
Selects Semovente da 75/18 Assault Gun
Selects Carro Armato M13/40 Light Tank
Selects Bersaglieri Bolster
Carro Armato M13/40 Light Tank
Carro Armato M13/40 Light Tank
Selects Breda Model 30 Light Machine Guns
Veteran Squad Leaders
Pak 38 Mechanized Group
Construct Panzerarmee Kommand
Selects Artillery Cover
TheKat
12345+5
0
0
Comments
sign in to comment!
No comments posted yet!